 Dungeon Crawl Stone Soup version 0.25.1-2-g60ff931df9 (webtiles) character file.

Game seed: 17669041147432266545

8168 Johnny the Geomancer (level 10, -7/71 HPs)
             Began as a Demigod Earth Elementalist on Oct 26, 2020.
             Mangled by Rupert
             ... wielding a +2 great sword of flaming
              (40 damage)
             ... on level 3 of the Lair of Beasts.
             The game lasted 00:09:47 (13478 turns).

Johnny the Geomancer (Demigod Earth Elementalist)  Turns: 13478, Time: 00:09:47

Health: -7/71      AC: 10    Str: 11    XL:     10   Next: 78%
Magic:  12/25      EV: 12    Int: 25    God:
Gold:   454        SH:  8    Dex: 16    Spells: 10/23 levels left

rFire    + . .     SeeInvis +   y - +7 whip (venom)
rCold    + . .     Gourm    .   t - +2 buckler {rC+ rF+}
rNeg     + . .     Faith    .   e - +2 leather armour {rN+}
rPois    +         Spirit   .   r - +0 helmet
rElec    .         Reflect  .   (no cloak)
rCorr    .         Harm     .   v - +0 pair of gloves
MR       +....                  h - +2 pair of boots
Stlth    ++........             (no amulet)
HPRegen  0.21/turn              D - ring of see invisible
MPRegen  0.19/turn              x - ring of poison resistance

@: no status effects
A: high mp 1
a: no special abilities


You were on level 3 of the Lair of Beasts.
You were not hungry.

You visited 2 branches of the dungeon, and saw 11 of its levels.
You also visited: Ossuary.

You collected 858 gold pieces.
You spent 404 gold pieces at shops.

Inventory:

Hand Weapons
 y - a +7 whip of venom (weapon)
Missiles
 b - 64 stones (quivered)
Armour
 e - a +2 leather armour of positive energy (worn)
 h - a +2 pair of boots (worn)
 r - a +0 helmet (worn)
 t - a +2 buckler of resistance (worn)
 v - a +0 pair of gloves (worn)
Jewellery
 a - a +4 ring of evasion {unknown}
 w - an uncursed ring of wizardry {unknown}
 x - a ring of poison resistance (right hand)
 D - a ring of see invisible (left hand)
 H - an uncursed ring of ice {unknown}
Wands
 c - a wand of polymorph (17)
 l - a wand of enslavement (6)
 B - a wand of acid (3)
 F - a wand of digging (14)
Scrolls
 g - 6 scrolls of remove curse
 i - 2 scrolls of blinking
 m - 3 scrolls of immolation
 n - 2 scrolls of amnesia
 u - 3 scrolls of enchant armour
 A - 3 scrolls of teleportation
 C - 2 scrolls of fear
 G - a scroll of vulnerability {unknown}
 I - a scroll of noise {unknown}
 J - a scroll of fog {unknown}
Potions
 f - 5 potions of curing
 j - 2 potions of stabbing
 k - a potion of flight
 o - a potion of haste {unknown}
 p - a potion of lignification {unknown}
 q - a potion of experience {unknown}
 s - 2 potions of ambrosia {unknown}
 z - 2 potions of heal wounds {unknown}
 E - 2 potions of brilliance {unknown}
Comestibles
 d - 17 rations
 K - 5 chunks of flesh


   Skills:
 - Level 1.0 Fighting
   Level 0.6 Short Blades
 - Level 1.6 Maces & Flails
 - Level 1.7 Dodging
 - Level 1.7 Stealth
 + Level 7.3 Shields
 + Level 7.3 Spellcasting
 - Level 0.8 Transmutations
 * Level 11.4 Earth Magic


You had 10 spell levels left.
You knew the following spells:

 Your Spells              Type           Power        Failure   Level  Hunger
a - Sandblast             Erth           ######       1%          1    None
b - Stone Arrow           Conj/Erth      #####.       2%          3    None
c - Lee's Rapid Deconstr  Erth           ######....   2%          5    #####..
d - Petrify               Tmut/Erth      #####...     7%          4    ###....

Your spell library contained the following spells:

 Spells                   Type           Power        Failure   Level  Hunger
 Passwall                 Tmut/Erth      #####...     1%          2    None
 Magic Dart               Conj           #...         9%          1    None
 Searing Ray              Conj           #.....       13%         2    None
 Dazzling Flash           Conj/Hex       #.....       26%         3    None
 Fulminant Prism          Conj/Hex       #.........   63%         4    ###....
 Iskenderun's Mystic Bla  Conj/Tloc      #.......     63%         4    ###....


Dungeon Overview and Level Annotations

Branches:
Dungeon (8/15)             Temple (0/1) D:5            Lair (3/6) D:8
Ossuary (visited)
  Swamp: Lair:2-4    Shoals: Lair:2-4     Snake: Lair:2-4    Spider: Lair:2-4

Shops:
D:6 ?

Annotations:
Lair:3 Rupert


Innate Abilities, Weirdness & Mutations

You have an increased reservoir of magic. (+10% MP)


Message History

Casting: Sandblast (safe; 1% risk of failure)
Confirm with . or Enter, or press ? or * to list all spells.
Aiming: Sandblast (safe; 1% risk of failure)
Press: ? - help, Shift-Dir - straight line, f/p - yak
Aim: a yak (heavily wounded)
The blast of sand hits Rupert.
Rupert is lightly wounded.
b - 65 stones You block Rupert's attack.
Casting: Sandblast (safe; 1% risk of failure)
Confirm with . or Enter, or press ? or * to list all spells.
Aiming: Sandblast (safe; 1% risk of failure)
Press: ? - help, Shift-Dir - straight line, f/p - yak
Aim: a yak (heavily wounded)
The blast of sand hits Rupert!
Rupert is lightly wounded.
b - 64 stones Rupert hits you with a +2 great sword of flaming!!!
Ouch! That really hurt!
You die...

#....# #....≈≈#
##....###....≈≈#
#..........##≈≈#
##........###≈≈#
#..####..# ≈≈≈#
#..## ##.# ≈
...####...# P.)#
.........## #.##
........@# #..
.######.#@Y.# .#
###Y.#.# ....
..... .###... ##
... ..


You could see Rupert (berserk) and 2 yaks.

Vanquished Creatures
  A hydra (Lair:1)
  A spiny frog (Lair:2)
  Joseph (D:7)
  2 komodo dragons
  2 hippogriffs
  9 yaks
  A basilisk (Lair:1)
  A hungry ghost (D:7)
  3 water moccasins (Lair:1)
  4 porcupines
  3 ice beasts
  3 orc warriors
  3 black bears
  A necrophage (D:8)
  2 centaurs (D:8)
  3 ogres
  8 crocodiles
  An elf zombie (Ossuary)
  6 bullfrogs
  A water moccasin zombie (D:6)
  A wyvern skeleton (D:6)
  An electric eel (Lair:3)
  5 crimson imps
  A quasit (D:7)
  2 orc priests (D:6)
  4 hounds
  2 centaur skeletons
  2 human zombies (Ossuary)
  A jelly (D:7)
  2 bullfrog skeletons
  Jessica (D:2)
  2 iguanas
  3 orc wizards
  A worker ant (D:4)
  4 big kobold zombies (Ossuary)
  2 hound skeletons
  2 mummies (Ossuary)
  A howler monkey zombie (D:5)
  Robin (D:2)
  4 gnolls (D:3)
  9 adders
  2 shadow imps
  An ooze (D:3)
  An adder skeleton (D:5)
  A worm (D:6)
  4 dart slugs
  A leopard gecko (D:7)
  28 orcs
  8 bats
  4 giant cockroaches
  14 goblins
  13 hobgoblins
  7 quokkas
  A ball python (D:2)
  4 frilled lizards
  A gnoll zombie (Ossuary)
  4 goblin zombies (Ossuary)
  11 kobolds
  A leopard gecko skeleton (D:4)
  2 orc zombies (Ossuary)
  7 rats
222 creatures vanquished.

Notes
Turn   | Place    | Note
-------+----------+-------------------------------------------
     0 | D:1      | Johnny the Demigod Earth Elementalist began the quest for
                  | the Orb.
     0 | D:1      | Reached XP level 1. HP: 14/14 MP: 5/5
   130 | D:1      | Reached skill level 3 in Earth Magic
   858 | D:1      | Reached XP level 2. HP: 16/20 MP: 2/7
  2111 | D:2      | Noticed Jessica
  2117 | D:2      | Killed Jessica
  2117 | D:2      | Reached XP level 3. HP: 19/26 MP: 4/8
  2618 | D:2      | Noticed a bullfrog
  2628 | D:2      | Killed a bullfrog
  2628 | D:2      | Reached skill level 1 in Maces & Flails
  2628 | D:2      | Reached skill level 4 in Earth Magic
  2628 | D:2      | Reached XP level 4. HP: 20/34 MP: 3/10
  2789 | D:2      | Reached skill level 1 in Fighting
  2789 | D:2      | Reached XP level 5. HP: 30/40 MP: 11/11
  2889 | D:2      | Noticed Robin
  2901 | D:2      | Killed Robin
  4583 | D:3      | Reached skill level 1 in Shields
  4588 | D:3      | Reached XP level 6. HP: 25/47 MP: 4/13
  4923 | D:4      | Reached skill level 5 in Earth Magic
  5643 | D:5      | Entered Level 5 of the Dungeon
  5648 | D:5      | Reached XP level 7. HP: 41/52 MP: 10/15
  5660 | D:5      | Learned a level 3 spell: Stone Arrow
  5666 | D:5      | Learned a level 5 spell: Lee's Rapid Deconstruction
  5671 | D:5      | Learned a level 4 spell: Petrify
  5717 | D:5      | Found a burning altar of Makhleb.
  5827 | D:5      | Reached skill level 6 in Earth Magic
  5843 | D:5      | Found an opulent altar of Gozag.
  6424 | D:5      | Found a staircase to the Ecumenical Temple.
  6752 | D:6      | Found a blossoming altar of Fedhas.
  7009 | D:6      | Noticed a hippogriff
  7014 | D:6      | Killed a hippogriff
  7014 | D:6      | Reached skill level 7 in Earth Magic
  7014 | D:6      | Reached XP level 8. HP: 59/59 MP: 12/17
  7491 | D:6      | Found Luawaelo's Magic Scroll Shop.
  7496 | D:6      | Bought a scroll of identify for 30 gold pieces
  7496 | D:6      | Bought a scroll of identify for 30 gold pieces
  7496 | D:6      | Bought a scroll of blinking for 112 gold pieces
  7496 | D:6      | Bought a scroll of teleportation for 45 gold pieces
  7496 | D:6      | Bought a scroll of teleportation for 45 gold pieces
  7496 | D:6      | Bought a scroll of identify for 30 gold pieces
  7496 | D:6      | Bought a scroll of enchant armour for 112 gold pieces
  7809 | D:6      | Reached skill level 8 in Earth Magic
  8280 | D:7      | Reached skill level 5 in Spellcasting
  8341 | D:7      | Found a hide-covered altar of Uskayaw.
  8728 | D:7      | Noticed Joseph
  8748 | D:7      | Killed Joseph
  8748 | D:7      | Reached skill level 5 in Shields
  8748 | D:7      | Reached XP level 9. HP: 50/64 MP: 14/20
  9086 | D:8      | Reached skill level 9 in Earth Magic
  9102 | D:8      | Found a sand-covered staircase.
  9107 | Ossuary  | Entered an ossuary
 10081 | D:8      | Found a staircase to the Lair.
 10565 | D:8      | Got a crude ring mail
 10576 | D:8      | Identified the +1 ring mail "Buxos" {rPois Str-5 Dex-2
                  | Stlth+} (You found it on level 8 of the Dungeon)
 10606 | Lair:1   | Entered Level 1 of the Lair of Beasts
 10851 | Lair:1   | Noticed a six-headed hydra
 10855 | Lair:1   | Killed a six-headed hydra
 10855 | Lair:1   | Reached skill level 10 in Earth Magic
 10855 | Lair:1   | Reached XP level 10. HP: 41/71 MP: 2/23
 12352 | Lair:2   | Reached skill level 11 in Earth Magic
 13466 | Lair:3   | Noticed Rupert
 13478 | Lair:3   | Mangled by Rupert

Illustrated notes

Levels and vault maps discovered:
D:1:      nzn_arrival_settlement, layout_basic, minmay_misc_feat_rows
D:2:      layout_loops_ring, minmay_goblin_kobold_house, uniq_robin,
          uniq_jessica
D:3:      layout_rooms, minmay_misc_feat_plants, wad_orctagon
D:4:      layout_loops_ring
D:5:      layout_cave_pools, makhleb_grotto_becter,
          minmay_temple_entry_enclosed_plants, first_ration, grunt_gozag_statues
D:6:      layout_loops_corners, overflow_temple_1_default, serial_shops, shop,
          kennysheep_small_square
D:7:      layout_rooms, kennysheep_mini_moat, uniq_joseph
D:8:      layout_loops_corners, grunt_lair_entry_orc_guard_hut, enter_ossuary_2
Lair:1:   layout_regular_city, minmay_stone_trees_large
Lair:2:   layout_chaotic_city
Lair:3:   layout_small_grid, minmay_shoals_entry_hut, uniq_rupert

Skill      XL: |  1  2  3  4  5  6  7  8  9 10 |
---------------+-------------------------------+-----
Earth Magic    | 3 4 5 7 8 10 11 | 11.4
Spellcasting   | 2 3 4 5 6 7 |  7.3
Maces & Flails | 1 |  1.6
Fighting       | 1 |  1.0
Shields        | 1 2 3 5 6 7 |  7.3
Short Blades   | |  0.6
Dodging        | |  1.7
Stealth        | |  1.7
Transmutations | |  0.8

Action                   |  1- 3 |  4- 6 |  7- 9 | 10-12 || total
-------------------------+-------+-------+-------+-------++-------
Melee: Short sword       |    21 |       |       |       ||    21
       Unarmed           |     4 |       |       |       ||     4
       Mace              |    29 |    16 |       |       ||    45
       Falchion          |       |    61 |       |       ||    61
       Whip              |       |    46 |   268 |    65 ||   379
 Cast: Sandblast         |    33 |    52 |    88 |    24 ||   197
       Stone Arrow       |       |       |    17 |    16 ||    33
       Lee's Rapid Decon |       |       |     6 |     7 ||    13
Evoke: Wand              |       |       |     6 |       ||     6
  Use: Scroll            |       |       |    17 |     2 ||    19
       Potion            |       |       |     1 |       ||     1
 Stab: Sleeping          |     1 |     7 |     2 |     1 ||    11
  Eat: Chunk             |     5 |    10 |    12 |     7 ||    34
       Ration            |       |       |     2 |     1 ||     3
Armor: Robe              |    16 |    19 |    15 |       ||    50
       Leather armour    |       |       |    57 |    16 ||    73
Dodge: Dodged            |    62 |    56 |   176 |    28 ||   322
Block: Buckler           |       |    40 |   127 |    29 ||   196
       Rpst.: Falchion   |       |     9 |       |       ||     9
